AoeStats
← 4p3n4s_um_n00b

Arena

506207487Analyzed
3v3 RM · 19d ago on Sep 12, 2026· 49m 39s· 6 players
Game mode
Random Map
Map size
Normal (6 player)
Population
200
Speed
Normal
Resources
Standard
Victory
Conquest
Starting age
Dark Age
Ending age
Imperial Age
RankedLock teamsTeams togetherTeam positionsShared explorationLock speedFull tech treeHidden civsTurbo modeCheats
Victory
Defeat
🇧🇪 Aztecs · Belgium
753
+19
🇩🇪 Romans · Germany
733
+20
🇧🇷 Shu · Brazil
722
+20
🇧🇷 Franks · Brazil
831
-57
🇧🇷 Lithuanians · Brazil
828
-20
🇧🇷 Ethiopians · Brazil
812
-19
ExponentMars848
5:01 Loom
10:22 Feudal Age
11:42 Wheelbarrow
10:58 Double-Bit Axe
10:56 Horse Collar
11:17 Stone Mining
21:00 Castle Age
20:18 Forging
20:08 Scale Mail Armor
20:09 Padded Archer Armor
21:09 Arson
22:05 Bow Saw
22:24 Heavy Plow
24:21 Gold Mining
26:51 Gold Shaft Mining
27:49 Stone Shaft Mining
29:12 Hand Cart
34:32 Imperial Age
32:09 Squires
31:55 Gambesons
32:56 Chain Mail Armor
32:56 Leather Archer Armor
33:20 Iron Casting
33:32 Caravan
34:25 Fortified Wall
35:53 Crop Rotation
36:56 Plate Mail Armor
37:34 Blast Furnace
37:56 Chemistry
37:35 Conscription
38:10 Garland Wars
45:11 Elite Jaguar Warrior
Iaguinho Ohh+ Brabo
9:51 Feudal Age
12:46 Double-Bit Axe
12:51 Man-at-Arms
19:00 Castle Age
17:50 Gold Mining
17:55 Stone Mining
18:49 Scale Mail Armor
18:42 Arson
18:50 Horse Collar
19:10 Long Swordsman
21:09 Forging
25:56 Wheelbarrow
26:10 Squires
27:32 Scale Barding Armor
28:04 Husbandry
28:59 Chain Barding Armor
29:31 Pikeman
31:56 Chain Mail Armor
33:54 Coiled Serpent Array
40:31 Imperial Age
38:20 Hand Cart
38:18 Bow Saw
38:10 Heavy Plow
39:07 Town Watch
41:04 Capped Ram
41:32 Halberdier
42:52 Plate Barding Armor
41:39 Heavy Hei Guang Cavalry
44:58 Conscription
Zkittlez
12:49 Feudal Age
13:35 Double-Bit Axe
13:32 Horse Collar
13:54 Stone Mining
13:57 Gold Mining
15:05 Wheelbarrow
17:34 Loom
21:49 Castle Age
23:19 Bow Saw
23:11 Heavy Plow
23:49 Gold Shaft Mining
25:53 Hand Cart
30:06 Imperial Age
27:46 Caravan
28:20 Forging
28:16 Scale Barding Armor
30:33 Iron Casting
30:18 Chain Barding Armor
33:47 Blast Furnace
33:23 Plate Barding Armor
33:36 Elite Centurion
34:42 Conscription
35:36 Comitatenses
Jovem Padawan
11:22 Feudal Age
11:51 Horse Collar
14:33 Wheelbarrow
17:29 Castle Age
17:04 Double-Bit Axe
17:11 Gold Mining
18:33 Bow Saw
19:29 Fletching
21:12 Gold Shaft Mining
22:08 Padded Archer Armor
23:22 Loom
23:57 Crossbowman
25:31 Town Watch
26:20 Leather Archer Armor
27:47 Heavy Plow
27:43 Stone Mining
29:13 Fervor
29:57 Stone Shaft Mining
30:20 Thumb Ring
32:16 Hand Cart
32:27 Town Patrol
36:04 Imperial Age
34:39 Ballistics
34:15 Murder Holes
36:21 Arbalester
38:42 Chemistry
37:54 Fortified Wall
37:45 Halberdier
38:25 Squires
38:29 Scale Mail Armor
38:25 Bodkin Arrow
38:41 Forging
4p3n4s_um_n00b
13:27 Feudal Age
15:20 Wheelbarrow
21:33 Double-Bit Axe
26:05 Man-at-Arms
33:47 Castle Age
37:04 Bow Saw
39:53 Pikeman
40:35 Squires
42:25 Hand Cart
42:00 Town Watch
42:15 Crossbowman
42:15 Elite Skirmisher
Neemias__OLI
1:06 Loom
6:37 Loom
12:00 Feudal Age
13:18 Wheelbarrow
12:32 Double-Bit Axe
15:34 Stone Mining
15:35 Gold Mining
19:37 Castle Age
17:56 Horse Collar
19:41 Wheelbarrow
24:14 Husbandry
31:14 Hand Cart
31:18 Bloodlines
34:40 Stone Shaft Mining
35:44 Scale Barding Armor
37:46 Squires
37:31 Arson
37:50 Scale Mail Armor
38:01 Forging
42:25 Hill Forts
44:17 Hill Forts
46:04 Chain Barding Armor
Connection lost

Rejoining the realm…

Still unreachable

The connection could not be restored.

Session expired

The server has moved on; the page needs a fresh start.